 Dungeon Crawl Stone Soup version 0.30.1-11-g7821555f0a (webtiles) character file.

Game seed: 2838545265801675901

181 KittyFluff the Cudgeller (level 5, -20/33 HPs)
             Began as a Gargoyle Berserker on Nov 23, 2023.
             Was a Believer of Trog.
             Demolished by an ogre
             ... wielding a +0 giant club
              (27 damage)
             ... on level 4 of the Dungeon.
             The game lasted 00:07:26 (2167 turns).

KittyFluff the Cudgeller (Gargoyle Berserker)       Turns: 2167, Time: 00:07:27

Health: -20/33     AC: 12    Str: 23    XL:     5   Next: 61%
Magic:  5/5        EV: 12    Int:  7    God:    Trog [**....]
Gold:   110        SH:  0    Dex:  9    Spells: 4/4 levels left

rFire   . . .        a - +0 mace
rCold   . . .        (no shield)
rNeg    + . .        s - +2 robe of the Cuttlefish {Harm Slay+2}
rPois   ∞            (no helmet)
rElec   +            (no cloak)
rCorr   .            (no gloves)
SInv    .            (no boots)
Will    .....        (no amulet)
Stlth   ++           h - +4 ring of protection
HPRegen 0.25/turn    (no ring)
MPRegen 0.09/turn

%: harm (+30% outgoing, +20% incoming)
@: no status effects
A: sickness immunity, AC +4, negative energy resistance 1, electricity
resistance, torment resistance 1, petrification resistance
a: Renounce Religion, Berserk, Trog's Hand


You were on level 4 of the Dungeon.
You worshipped Trog.
Trog was pleased with you.
You visited 1 branch of the dungeon, and saw 4 of its levels.

You collected 110 gold pieces.

Inventory:

Hand Weapons
 a - a +0 mace (weapon)
 b - a +0 sling
Missiles
 f - a throwing net (quivered)
 n - 5 atropa-tipped darts
 r - 2 poisoned darts
Armour
 s - the +2 robe of the Cuttlefish (worn) {Harm Slay+2}
   (You found it on level 3 of the Dungeon)

   Slay:      It affects your accuracy & damage with ranged weapons and melee
   (+2).
   Harm:      It increases damage dealt and taken.
Jewellery
 h - a +4 ring of protection (left hand)
Scrolls
 c - 2 scrolls of blinking {unknown}
 j - 2 scrolls of enchant weapon {unknown}
 k - a scroll of enchant armour {unknown}
 m - 2 scrolls of identify {unknown}
 o - a scroll of noise {unknown}
 p - a scroll of poison {unknown}
 q - 5 scrolls of teleportation {unknown}
Potions
 d - a potion of berserk rage {unknown}
 e - a potion of heal wounds {unknown}
 g - 2 potions of flight {unknown}
 i - a potion of mutation {unknown}
 l - a potion of degeneration {unknown}
 t - a potion of haste {unknown}


   Skills:
 + Level 3.9 Fighting
 * Level 4.1 Maces & Flails
 * Level 3.8 Armour
 + Level 2.2 Dodging
 + Level 1.9 Stealth


You had 4 spell levels left.
You didn't know any spells.
Your spell library was empty.

Dungeon Overview and Level Annotations

Branches:
Dungeon (4/15)
 Temple: D:4-7

Altars:
Xom


Innate Abilities, Weirdness & Mutations

You are immune to sickness and miasma.
Your stone body is resilient. (AC +4)
You are immune to poison.
You resist negative energy. (rN+)
You are resistant to electric shocks. (rElec)
You are resistant to unholy torment.
You are immune to petrification.


Message History

The scorpion barely misses you.
The scorpion stings you but does no damage.
You closely miss the scorpion.
The scorpion is heavily wounded.
The scorpion stings you but does no damage.
You hit the scorpion.
The scorpion is almost dead.
The scorpion stings you.
The scorpion stings you but does no damage.
You hit the scorpion.
The scorpion is almost dead.
The scorpion stings you but does no damage.
You hit the scorpion but do no damage.
The scorpion is almost dead.
The scorpion stings you. x2
You hit the scorpion but do no damage.
The scorpion is almost dead.
The scorpion barely misses you.
You hit the scorpion.
You kill the scorpion!
Trog accepts your kill.
Your Maces & Flails skill increases to level 4!
You see here a scorpion corpse.
q - 5 scrolls labelled YDOHUCW KUIRRO (gained 1)
You start resting.
HP restored.
Found a dagger.
Found 4 stones.
An ogre comes into view. It is wielding a +0 giant club.
The ogre shouts!
You sock the ogre!
The ogre is heavily wounded.
The ogre hits you with a +0 giant club!!
Ouch! That really hurt!
* * * LOW HITPOINT WARNING * * *
You hit the ogre.
The ogre is heavily wounded.
The ogre hits you with a +0 giant club!!
Ouch! That really hurt!
You die...

##...............##
#..##.###(###.##..#
##.#...........#.##
##...##.###.##...##
##.#.#.......#.#.##
#..#... #.# ...#..#
##.#.#.# ..
##...#... ##@#.#
#.. #.O#... #. ##.#
#... ##.. #.## ##.#
... #..# #. ##..
###.


You could see an ogre.

Vanquished Creatures
  A scorpion (D:4)
  6 adders
  6 worms
  A dart slug (D:2)
  6 ball pythons
  3 endoplasms
  4 giant cockroaches
  5 goblins
  A hobgoblin (D:2)
  4 jackals (D:2)
  A quokka (D:2)
  6 bats
  3 kobolds
  4 rats
51 creatures vanquished.

Notes
Turn   | Place    | Note
-------+----------+-------------------------------------------
     0 | D:1      | KittyFluff the Gargoyle Berserker began the quest for the
                  | Orb.
     0 | D:1      | Reached XP level 1. HP: 14/14 MP: 1/1
     2 | D:1      | Noticed a formicid
     2 | D:1      | Noticed a naga
     4 | D:1      | Noticed a demigod
     6 | D:1      | Noticed a troll
     6 | D:1      | Noticed a ghoul
     8 | D:1      | Noticed an elf
    10 | D:1      | Noticed a human
    10 | D:1      | Noticed an ogre
    12 | D:1      | Noticed an armataur
    12 | D:1      | Noticed a meteoran
    14 | D:1      | Noticed a tengu
    14 | D:1      | Noticed a merfolk
    16 | D:1      | Noticed a draconian
    16 | D:1      | Noticed a demonspawn
    18 | D:1      | Noticed a felid
    20 | D:1      | Noticed an octopode
    20 | D:1      | Noticed a vine stalker
    22 | D:1      | Noticed a vampire
    22 | D:1      | Noticed a minotaur
    24 | D:1      | Noticed a human
    24 | D:1      | Noticed a spriggan
    26 | D:1      | Noticed a draconian
    26 | D:1      | Noticed a felid
   121 | D:1      | You fall into a shaft and drop 1 floor!
   148 | D:2      | Reached XP level 2. HP: 12/19 MP: 2/2
   737 | D:2      | Identified the +0 robe of Mezcal {Int+3}
   772 | D:2      | Reached XP level 3. HP: 22/23 MP: 3/3
   833 | D:2      | Found a shimmering altar of Xom.
   845 | D:2      | Reached skill level 1 in Stealth
   897 | D:2      | Found a faded altar of an unknown god.
   982 | D:2      | Reached XP level 4. HP: 24/28 MP: 4/4
  1033 | D:2      | Reached ** piety under Trog
  1560 | D:3      | Identified the +2 robe of the Cuttlefish {Harm Slay+2}
  1745 | D:3      | Reached XP level 5. HP: 23/33 MP: 5/5
  2061 | D:4      | Reached skill level 4 in Maces & Flails
  2162 | D:4      | Noticed an ogre
  2167 | D:4      | Demolished by an ogre

Illustrated notes

Levels and vault maps discovered:
D:1:      kb_arrival_jail, layout_basic
D:2:      layout_loops_ring, basic_altar, basic_ecumenical_altar
D:3:      layout_basic, serial_bayou_pond_a
D:4:      layout_rooms, nicolae_concentric_dashed_squares_mild,
          nrook_loot_triangle

Skill      XL: |  1  2  3  4  5 |
---------------+----------------+-----
Stealth        | 1 |  1.9
Armour         | 3 |  3.8
Dodging        | 2 |  2.2
Maces & Flails | 4 |  4.1
Fighting       | |  3.9

Action                     |  1- 3 |  4- 6 || total
---------------------------+-------+-------++-------
  Melee: Mace              |    63 |    95 ||   158
         Punch             |     1 |     1 ||     2
    Use: Scroll            |       |     1 ||     1
   Stab: Sleeping          |       |     1 ||     1
 Armour: Animal skin       |    30 |    21 ||    51
         Robe              |       |    28 ||    28
  Dodge: Dodged            |    43 |    65 ||   108
